 Dungeon Crawl Stone Soup version 0.32-a0-132-g2d33c3cfaf (webtiles) character file.

Game seed: 6187375415332981033

5278 ragingrage the Slicer (level 10, -1/52 (56) HPs)
             Began as a Deep Elf Delver on Feb 9, 2024.
             Was an Initiate of Gozag.
             Slain by a wight
             ... wielding a +6 flail of freezing
              (12 damage)
             ... on level 9 of the Dungeon.
             The game lasted 00:23:02 (12001 turns).

ragingrage the Slicer (Deep Elf Delver)            Turns: 12001, Time: 00:23:03

HP:   -1/52 (56)    AC:  7    Str:  9    XL:     10   Next: 36%
MP:   9/19          EV: 14    Int: 18    God:    Gozag
Gold: 1169          SH:  0    Dex: 18    Spells: 8/19 levels left

rFire   . . .        a - +1 dagger (elec)
rCold   . . .        (no shield)
rNeg    . . .        F - +2 leather armour {rPois}
rPois   +            f - +0 helmet
rElec   .            (no cloak)
rCorr   .            (no gloves)
SInv    .            G - +0 pair of boots
Will    +....        (no amulet)
Stlth   +++          Q - ring of flight
HPRegen 0.28/turn    (no ring)
MPRegen 0.16/turn

%: no passive effects
@: gold aura, flying, drained
A: no striking features
a: Renounce Religion, Potion Petition, Call Merchant, Bribe Branch


You were on level 9 of the Dungeon.
You worshipped Gozag.
Gozag was most pleased with you.
You visited 2 branches of the dungeon, and saw 10 of its levels.
You also visited: Ossuary.

You collected 1471 gold pieces.
You spent 192 gold pieces at shops.
You paid 110 gold pieces to Gozag.

Inventory:

Hand Weapons
 a - a +1 dagger of electrocution (weapon)
 b - a +0 orcbow
 d - a +3 dagger
 p - a +3 long sword
 t - the +2 scimitar "Qydox" {holy, rF+ Will- SInv}
   (You found it on level 4 of the Dungeon)

   rF+:       It protects you from fire.
   Will-:     It decreases your willpower.
   SInv:      It lets you see invisible.
Missiles
 v - 9 poisoned darts
 O - a curare-tipped dart
Armour
 e - a +0 buckler
 f - a +0 helmet (worn)
 m - +0 swamp dragon scales
 F - a +2 leather armour of poison resistance (worn)
 G - a +0 pair of boots (worn)
Magical Staves
 s - a staff of alchemy
 H - a staff of conjuration
Jewellery
 E - a ring of fire
 Q - a ring of flight (left hand)
Wands
 g - a wand of digging (3)
 o - a wand of mindburst (22)
 K - a wand of light (10)
 L - a wand of flame (38)
 M - a wand of iceblast (7)
Scrolls
 c - a scroll of fog
 k - a scroll of enchant weapon
 l - a scroll of fear
 q - a scroll of torment
 r - 2 scrolls of teleportation
 u - 2 scrolls of vulnerability {unknown}
 y - a scroll of blinking {unknown}
 A - a scroll of noise {unknown}
 I - a scroll of silence {unknown}
 N - a scroll of poison {unknown}
 P - a scroll of revelation
Potions
 h - 3 potions of heal wounds
 i - 5 potions of mutation
 j - 5 potions of curing
 n - 2 potions of brilliance
 w - a potion of resistance {unknown}
 x - 3 potions of haste
 z - 2 potions of degeneration {unknown}
 B - 2 potions of cancellation
 C - a potion of magic {unknown}
 D - 2 potions of might {unknown}


   Skills:
 + Level 3.9 Fighting
 - Level 8.9 Short Blades
 - Level 5.0 Dodging
 - Level 6.0 Stealth
 - Level 5.0 Spellcasting
 + Level 8.6 Conjurations
 - Level 5.7 Hexes
 - Level 4.0 Ice Magic
 - Level 4.0 Earth Magic
 - Level 3.0 Alchemy


You had 8 spell levels left.
You knew the following spells:

 Your Spells              Type           Power      Damage    Failure   Level
a - Sting                 Conj/Alch      100%       1d9       1%          1
b - Passwall              Erth           18%        N/A       11%         3
c - Ensorcelled Hibernat  Hex/Ice        42%        N/A       3%          2
d - Iskenderun's Battles  Conj           35%        2d9       16%         5

Your spell library contained the following spells:

 Spells                   Type           Power      Damage    Failure   Level
 Apportation              Tloc           8%         N/A       19%         1
 Necrotise                Necr           16%        1d4       19%         1
 Summon Small Mammal      Summ           16%        N/A       19%         1
 Scorch                   Fire           8%         2d5       28%         2
 Flame Wave               Conj/Fire      20%        2d7       32%         4
 Swiftness                Air            4%         N/A       50%         3
 Bombard                  Conj/Erth      13%        9d3       91%         6
 Summon Cactus Giant      Summ           2%         N/A       100%        6
 Spellforged Servitor     Conj/Summ      10%        N/A       100%        7


Dungeon Overview and Level Annotations

Branches:
Dungeon (9/15)             Temple (1/1) D:4         Ossuary (visited)
   Lair: D:8-11         Orc: D:9-12

Altars:
Ashenzari
Cheibriados
Dithmenos
Elyvilon
Fedhas
Gozag
Hepliaklqana
Kikubaaqudgha
Makhleb
Nemelex Xobeh
Okawaru
Ru
Sif Muna
Uskayaw
Vehumet
Wu Jian
Xom
Yredelemnul
Zin
The Shining One

Shops:
D:1 :   D:9 *

Annotations:
D:7 1 exclusion
D:8 exclusion: downstairs


Message History

Aim: a wight, wielding a +6 flail of freezing and wearing a +0 robe (78% to hit)
The sting hits the wight.
The wight partially resists.
Your battlesphere fires!
The barrage of energy hits the wight!
The wight hits you from afar with a +0 spear!
The wight misses you.
Casting: Sting (safe; 1% risk of failure)
Aiming: Sting (safe; 1% risk of failure)
Press: ? - help, Shift-Dir - straight line, f/p - wight
Aim: a wight, wielding a +6 flail of freezing and wearing a +0 robe (lightly damaged, 78% to hit)
The sting misses the wight.
Your battlesphere fires!
The barrage of energy hits the wight!
You destroy the wight!
The wight hits you with a +6 flail of freezing!
You feel drained. The wight freezes you.
Training target 5.0 for Dodging reached!
Your Dodging skill increases to level 5!
Casting: Sting (safe; 1% risk of failure)
Aiming: Sting (safe; 1% risk of failure)
Press: ? - help, Shift-Dir - straight line, f/p - wight
Aim: a wight, wielding a +6 flail of freezing and wearing a +0 robe (lightly damaged, 78% to hit)
The sting misses the wight.
Your battlesphere fires!
The barrage of energy hits the wight.
Your battlesphere expends the last of its energy and dissipates.
The wight hits you with a +6 flail of freezing!
* * * LOW HITPOINT WARNING * * *
You feel drained.
* * * LOW HITPOINT WARNING * * *
The wight freezes you.
* * * LOW HITPOINT WARNING * * *
Casting: Sting (safe; 1% risk of failure)
Aiming: Sting (safe; 1% risk of failure)
Press: ? - help, Shift-Dir - straight line, f/p - wight
Aim: a wight, wielding a +6 flail of freezing and wearing a +0 robe (moderately damaged, 78% to hit)
The sting hits the wight.
The wight partially resists.
The wight hits you with a +6 flail of freezing!
You die...
Your body crumbles into a pile of gold.

#.....# #.#..........
... #.....###
#####..##### ..
#........ . # #<....#
.#.# #.y...# .#.#
#y....# ####...###
#..S..# ##.........
#.y...# ##..........
..yy.... #.○z@.......
#.....$................
############...$.......
#...........
#...........
#...........
##..........
##.....#...


You could see a wight.

Vanquished Creatures
  Maggie (D:7)
  Sigmund (D:3)
  A wyvern (D:7)
  A wraith (D:7)
  4 yaks
  Duvessa (D:7)
  3 black bears
  2 sky beasts
  5 centaurs
  A weeping skull (Ossuary)
  3 kobold brigands
  3 bullfrogs
  2 gnoll sergeants
  5 scorpions
  6 water moccasin zombies (Ossuary)
  15 wights
  Dowan (D:7)
  A howler monkey (D:6)
  2 bombardier beetles
  2 sleepcaps (D:7)
  4 hounds
  2 jellies
  4 iguanas
  Ijyb (D:3)
  3 orc wizards
  2 crocodile zombies (Ossuary)
  2 mummies (Ossuary)
  Robin (D:2)
  11 gnolls
  9 adders
  A shadow imp (D:7)
  3 white imps
  2 ufetubi (D:6)
  3 adder zombies (Ossuary)
  2 ribbon worms (D:3)
  4 dart slugs
  14 orcs
  7 ball pythons
  7 endoplasms
  5 giant cockroaches
  8 gnoll zombies (Ossuary)
  14 goblins
  15 hobgoblins
  2 jackals (D:1)
  A quokka (D:4)
  7 bats
  3 frilled lizards
  A jackal zombie (Ossuary)
  16 kobolds
  An orc zombie (Ossuary)
  11 rats
226 creatures vanquished.

Notes
Turn   | Place    | Note
-------+----------+-------------------------------------------
     0 | D:5      | ragingrage the Deep Elf Delver began the quest for the Orb.
     0 | D:5      | Reached XP level 1. HP: 13/13 MP: 3/3
    75 | D:4      | Noticed a bombardier beetle
    80 | D:4      | Killed a bombardier beetle
    81 | D:4      | Reached XP level 2. HP: 18/18 MP: 4/4
    81 | D:4      | Reached XP level 3. HP: 22/22 MP: 5/5
   109 | D:4      | Noticed a bullfrog
   152 | D:3      | Noticed Sigmund
   431 | D:2      | Reached XP level 4. HP: 27/27 MP: 6/6
   553 | D:1      | Found Leynuqucs's Book Boutique.
  1745 | D:2      | Reached skill level 5 in Short Blades
  1952 | D:2      | Reached XP level 5. HP: 31/31 MP: 7/7
  1977 | D:2      | Noticed Robin
  2011 | D:2      | Killed Robin
  2489 | D:3      | Noticed Ijyb
  2503 | D:3      | Killed Ijyb
  2549 | D:3      | Learned a level 2 spell: Ensorcelled Hibernation
  2760 | D:3      | Reached XP level 6. HP: 36/36 MP: 8/8
  2934 | D:4      | Reached skill level 1 in Hexes
  2934 | D:4      | Reached skill level 1 in Ice Magic
  3359 | D:4      | Found a staircase to the Ecumenical Temple.
  3364 | D:4      | Identified the +2 scimitar "Qydox" {holy, rF+ Will- SInv}
  3368 | Temple   | Entered the Ecumenical Temple
  3376 | Temple   | Became a worshipper of Gozag Ym Sagoz the Greedy
  3778 | D:6      | Found an iron altar of Okawaru.
  3841 | D:6      | Found a sand-covered staircase.
  3853 | Ossuary  | Entered an ossuary
  3860 | Ossuary  | Reached XP level 7. HP: 40/40 MP: 9/9
  4560 | D:6      | Reached XP level 8. HP: 39/45 MP: 1/10
  4843 | D:6      | Reached skill level 1 in Spellcasting
  4980 | D:7      | Noticed Duvessa
  4992 | D:7      | Learned a level 3 spell: Passwall
  5023 | D:7      | Noticed Dowan
  5023 | D:7      | Killed Duvessa
  5026 | D:7      | Killed Dowan
  5115 | D:7      | Noticed Maggie
  5138 | D:7      | Killed Maggie
  5139 | D:7      | Reached skill level 5 in Hexes
  5569 | D:1      | Bought a book of Cantrips for 192 gold pieces
  5571 | D:1      | Learned a level 1 spell: Sting
  5646 | D:3      | Killed Sigmund
  5647 | D:3      | Reached skill level 1 in Conjurations
  5647 | D:3      | Reached skill level 1 in Alchemy
  5798 | D:5      | Reached XP level 9. HP: 49/49 MP: 17/17
  6012 | D:5      | Reached skill level 1 in Earth Magic
  6132 | D:5      | Reached skill level 5 in Spellcasting
  6756 | D:6      | Learned a level 5 spell: Iskenderun's Battlesphere
  7606 | D:6      | Reached skill level 5 in Conjurations
  8741 | D:7      | Noticed a manticore
  8767 | D:7      | Reached XP level 10. HP: 55/55 MP: 13/19
  8925 | D:7      | Noticed a red ugly thing
  9231 | D:8      | Found a radiant altar of Vehumet.
 11524 | D:8      | Found a radiant altar of Vehumet.
 11858 | D:9      | Found Cewium's General Store.
 12000 | D:9      | Reached skill level 5 in Dodging
 12001 | D:9      | Slain by a wight

Illustrated notes

Levels and vault maps discovered:
D:1:      minmay_arrival_doors, layout_loops_ring, serial_shops, shop,
          minmay_heptomino_l4
D:2:      layout_loops_ring, minmay_misc_feat_ornament, chequers_mini_garden,
          grunt_ministairs_12, uniq_robin
D:3:      layout_rooms, grunt_ministairs_3, uniq_ijyb, uniq_sigmund
D:4:      cheibrodos_quashed, layout_cave_pools, minmay_temple_entry_fiery
D:5:      layout_gridville, nicolae_figureground_sparkle
D:6:      layout_basic, lemuel_tele_altar, nicolae_ossuary_entry_ruins
D:7:      minmay_the_grid_octo_triangle [minmay_the_grid_octo_clover,
          minmay_the_grid_octo_prize_star, minmay_the_grid_octo_77],
          layout_cave_pods, uniq_duvessa, uniq_maggie
D:8:      layout_cave_pods, mainiacjoe_overflow_boulevard
D:9:      layout_rooms, lair_entry_dummy, serial_shops, nicolae_shop_waterfront
Temple:   eino_narrow_crystal_temple

Skill      XL: |  1  2  3  4  5  6  7  8  9 10 |
---------------+-------------------------------+-----
Short Blades   | 3 4 5 7 8 |  8.9
Dodging        | 3 5 |  5.0
Hexes          | 3 5 |  5.7
Ice Magic      | 2 4 |  4.0
Spellcasting   | 4 5 |  5.0
Conjurations   | 1 7 8 |  8.6
Alchemy        | 1 3 |  3.0
Earth Magic    | 4 |  4.0
Fighting       | 3 |  3.9
Stealth        | |  6.0

Action                     |  1- 3 |  4- 6 |  7- 9 | 10-12 || total
---------------------------+-------+-------+-------+-------++-------
  Melee: Short sword       |    36 |    64 |       |       ||   100
         Dagger            |       |   195 |   222 |     9 ||   426
         Punch             |       |    18 |    12 |       ||    30
   Fire: Sling             |       |    11 |       |       ||    11
  Throw: Dart              |       |    11 |       |       ||    11
   Cast: Ensorcelled Hiber |       |       |    46 |     9 ||    55
         Passwall          |       |       |     3 |       ||     3
         Sting             |       |       |    55 |    60 ||   115
         Iskenderun's Batt |       |       |     5 |    10 ||    15
  Evoke: Wand              |       |       |     3 |       ||     3
    Use: Scroll            |     2 |     6 |     1 |     2 ||    11
         Potion            |       |     4 |     2 |     1 ||     7
   Stab: Sleeping          |    12 |    23 |    35 |     5 ||    75
         Distracted        |       |       |     3 |     1 ||     4
 Armour: Leather armour    |     7 |    99 |   121 |    11 ||   238
         Ring mail         |       |       |       |    30 ||    30
  Dodge: Dodged            |    13 |   116 |   111 |    36 ||   276

Table legend: (Time is in decaauts)
 A = Elapsed time spent in this place.
 B = Non-inter-level travel time spent in this place.
 C = Inter-level travel time spent in this place.
 D = Time resting spent in this place.
 E = Time spent auto-exploring this place.
 F = Levels seen in this place.
 G = Mean time per level.
                   A        B        C        D        E       F      G
               +--------+--------+--------+--------+--------+-----+--------+
         Total |  11850 |  11105 |    745 |   2382 |   5842 |  11 | 1077.3 |
       Dungeon |  11185 |  10455 |    730 |   2169 |   5642 |   9 | 1242.8 |
        Temple |     16 |      1 |     15 |      0 |      0 |   1 |   16.0 |
       Ossuary |    647 |    647 |      0 |    213 |    200 |   1 |  647.0 |
               +--------+--------+--------+--------+--------+-----+--------+

Top non-repeatable levels by time:
     D:8: 2640 daAuts
     D:7: 2180 daAuts
     D:6: 1688 daAuts
     D:2: 1199 daAuts
     D:5: 1091 daAuts
     D:1: 895 daAuts
     D:3: 818 daAuts
 Ossuary: 647 daAuts
     D:4: 637 daAuts
     D:9: 32 daAuts
  Temple: 16 daAuts
